 Dungeon Crawl Stone Soup version 0.31.0-9-g3a7656b989 (webtiles) character file.

Game seed: 12190244411246189292

50 qw the Shooter (level 3, -1/20 HPs)
             Began as a Deep Elf Hunter on Feb 2, 2024.
             Succumbed to their own poison gas
             ... on level 2 of the Dungeon.
             The game lasted 00:00:04 (1734 turns).

qw the Shooter (Deep Elf Hunter)                    Turns: 1734, Time: 00:00:04

Health: -1/20      AC:  7    Str: 10    XL:     3   Next: 55%
Magic:  5/5        EV:  9    Int: 13    God:
Gold:   117        SH:  0    Dex: 18    Spells: 2/2 levels left

rFire   . . .        a - +0 shortbow
rCold   . . .        (shield currently unavailable)
rNeg    . . .        i - +0 scale mail
rPois   .            (no helmet)
rElec   .            (no cloak)
rCorr   .            (no gloves)
SInv    .            h - +0 pair of boots
Will    .....        (no amulet)
Stlth   +            (no ring)
HPRegen 0.23/turn    (no ring)
MPRegen 0.09/turn

%: no passive effects
@: lethally poisoned (-1 -> -8)
A: no striking features
a: no special abilities


You were on level 2 of the Dungeon.
You visited 1 branch of the dungeon, and saw 2 of its levels.

You collected 117 gold pieces.


   Skills:
 - Level 1.5 Fighting
 + Level 7.1 Ranged Weapons
 - Level 2.4 Dodging
 - Level 1.2 Stealth


You had 2 spell levels left.
You didn't know any spells.
Your spell library was empty.

Inventory:

Hand Weapons
 a - a +0 shortbow (weapon)
Armour
 h - a +0 pair of boots (worn)
 i - a +0 scale mail (worn)
Wands
 j - a wand of digging (5)
Scrolls
 b - 2 scrolls of teleportation
Potions
 d - a potion of heal wounds {unknown}
 f - a potion of lignification {unknown}
 g - a potion of magic {unknown}
 k - a potion of brilliance {unknown}
 l - a potion of enlightenment {unknown}

Dungeon Overview and Level Annotations

Branches:
Dungeon (2/15)

Altars:


Message History

You start putting on your armour.
You continue putting on your +0 scale mail. x5
You finish putting on your +0 scale mail.
1725 ||| DROPPING +0 leather armour.
You drop a +0 leather armour.
Done exploring.
1726 ||| READING 3 scrolls labelled CEACIWN JAUS.
As you read the scroll labelled CEACIWN JAUS, it crumbles to dust.
You feel strangely unstable.
It was a scroll of teleportation.
You start waiting.
Your surroundings suddenly seem different.
Done exploring.
1729 ||| READING scroll labelled YCKEOL COESUMIAT.
The air fills with toxic fumes!
As you read the scroll labelled YCKEOL COESUMIAT, it crumbles to dust.
It was a scroll of poison.
Done exploring.
What level of the Dungeon? (default 2, ? - help) Sorry, I don't know how to get there.
Enter note:
Enter note:
Enter note:
Enter note:
Enter note:
Enter note:
Enter note:
Enter note:
Enter note:
Enter note:
Enter note:
Enter note: You are engulfed in poison gas.
You are poisoned.
You feel very sick.
1731 ||| Stepping ~*~*~tactically~*~*~ (cloud).
You feel very sick.
There is a lethal amount of poison in your body!
You feel very sick.
There is a lethal amount of poison in your body!
You feel sick.
There is a lethal amount of poison in your body!
You die...

### ### #¤#######.#
#@¤¤¤¤¤0¤.# #¤#######.#
#¤#...#.#.# #####
#¤#.....#.# ....#
#¤###.#.#.# ....#
#¤0.....#.#
....################.###.###
....'...................>..#
....#########'######.###.#.#


There were no monsters in sight!

Vanquished Creatures
  An adder (D:2)
  2 ribbon worms (D:2)
  A dart slug (D:1)
  5 bats
  3 endoplasms
  2 giant cockroaches
  2 goblins
  A hobgoblin (D:1)
  2 jackals (D:2)
  4 kobolds
  3 quokkas (D:2)
  2 ball pythons
  A frilled lizard (D:2)
  3 rats
32 creatures vanquished.

Notes
Turn   | Place    | Note
-------+----------+-------------------------------------------
     0 | D:1      | qw the Deep Elf Hunter began the quest for the Orb.
     0 | D:1      | Reached XP level 1. HP: 12/12 MP: 3/3
     0 | D:1      | 0 ||| qw: Version: 0.3-a-155-g5e7d8dd
     0 | D:1      | 0 ||| qw: Game counter: 621
     0 | D:1      | 0 ||| qw: Melee chars always use a shield: true
     0 | D:1      | 0 ||| qw: God list: Okawaru
     0 | D:1      | 0 ||| qw: Allow faded altars: false
     0 | D:1      | 0 ||| qw: Do Orc after clearing Dungeon:15 true
     0 | D:1      | 0 ||| qw: Do second Lair branch before Depths: true
     0 | D:1      | 0 ||| qw: Lair rune preference: random
     0 | D:1      | 0 ||| qw: Goals: Normal
     0 | D:1      | 0 ||| PLANNING D:1-11
    94 | D:1      | Reached skill level 6 in Ranged Weapons
    94 | D:1      | Reached XP level 2. HP: 8/16 MP: 4/4
   777 | D:1      | 777 ||| UPGRADING to +0 pair of boots.
   782 | D:1      | 782 ||| READING scroll labelled ZAUDDO SYUT.
   783 | D:1      | 783 ||| DROPPING scroll of butterflies.
  1113 | D:2      | Reached XP level 3. HP: 20/20 MP: 5/5
  1493 | D:2      | Reached skill level 7 in Ranged Weapons
  1715 | D:2      | 1715 ||| UPGRADING to +0 scale mail.
  1725 | D:2      | 1725 ||| DROPPING +0 leather armour.
  1726 | D:2      | 1726 ||| READING 3 scrolls labelled CEACIWN JAUS.
  1729 | D:2      | 1729 ||| READING scroll labelled YCKEOL COESUMIAT.
  1731 | D:2      | 1731 ||| Stepping ~*~*~tactically~*~*~ (cloud).
  1732 | D:2      | HP: 3/20 [poisoned by you (poison gas)]
  1733 | D:2      | HP: 1/20 [poisoned by you (poison gas)]
  1734 | D:2      | Succumbed to their own poison gas

Levels and vault maps discovered:
D:1:      saegor_arrival_fortress, layout_loops_ring, minmay_tetromino_t4
D:2:      layout_basic, supply_closet_lemuel

Skill      XL: |  1  2  3 |
---------------+----------+-----
Ranged Weapons | 6 7 |  7.1
Fighting       | |  1.5
Dodging        | |  2.4
Stealth        | |  1.2

Action                     || total
---------------------------++-------
   Fire: Shortbow          ||    98
    Use: Scroll            ||     3
 Armour: Leather armour    ||    21
  Dodge: Dodged            ||    11

Table legend:
 A = Non-vault XP
 B = Vault XP
 C = Vault XP percentage of total XP
 D = Non-vault monster count
 E = Vault monster count
 F = Vault count percentage of total count
                 A         B        C        D         E       F
            +---------+---------+-------+---------+---------+-------
      Total |      69 |       3 |   4.2 |      30 |       2 |   6.2
            +---------+---------+-------+---------+---------+-------
        D:1 |      16 |       3 |  15.8 |       8 |       2 |  20.0
        D:2 |      53 |       0 |   0.0 |      22 |       0 |   0.0
            +---------+---------+-------+---------+---------+-------
